Workbook
Name Constr: '24506'!$A$7
Name Constr: '24524'!$A$1
Name Constr: '24534-2'!$A$1
Name Constr: '24553-2'!$A$1
Name Constr: '24629-2'!$A$1
Name Constr: '24653'!$A$1
Name FOT: '24506'!$D$12
Name FOT: '24524'!$D$17
Name FOT: '24534-2'!$D$16
Name FOT: '24553-2'!$D$16
Name FOT: '24629-2'!$D$14
Name FOT: '24653'!$D$16
Name Ind: '24506'!$H$9
Name Ind: '24524'!$G$9
Name Ind: '24534-2'!$G$9
Name Ind: '24553-2'!$G$9
Name Ind: '24629-2'!$G$9
Name Ind: '24653'!#REF!
Name Obj: '24506'!#REF!
Name Obj: '24524'!#REF!
Name Obj: '24534-2'!#REF!
Name Obj: '24553-2'!#REF!
Name Obj: '24629-2'!#REF!
Name Obj: '24653'!$D$9
Name Obosn: '24506'!$D$10
Name Obosn: '24524'!$D$12
Name Obosn: '24534-2'!$D$12
Name Obosn: '24553-2'!$D$12
Name Obosn: '24629-2'!$D$12
Name Obosn: '24653'!$D$12
Name SmPr: '24506'!$D$11
Name SmPr: '24524'!$D$13
Name SmPr: '24534-2'!$D$13
Name SmPr: '24553-2'!$D$13
Name SmPr: '24629-2'!$D$13
Name SmPr: '24653'!$D$13
Name аааааппппппрррппппппп: #REF!
Name аараооооооооооооо: #REF!
Name автом: #REF!
Name алшрльоплварл: #REF!
Name аолвлддддддддддддддддввввввввв: #REF!
Name апарв: #REF!
Name апрлдджаоырыфрпопрлпрлпрлп: #REF!
Name арлггаджаш: #REF!
Name ароррбллтблпроорапииас: #REF!
Name арррррблллпдрлдддддддддд: #REF!
Name варпаааааааааа: #REF!
Name ввпьььььлднд: #REF!
Name вед: #REF!
Name вертикальная: #REF!
Name вертикплан: #REF!
Name волен: #REF!
Name вп: #REF!
Name впырпфдыпл: #REF!
Name впьглорьтитттттттттт: #REF!
Name всввввввввввввввввввввввввв: #REF!
Name выб: #REF!
Name выпуск: #REF!
Name выьлепвввввпмп: #REF!
Name еваопродолжэрщэрзшщщх: #REF!

Sheet 24629-2
A1: СОГЛАСОВАНО: | E1: ФГУП "Комбинат "Электрохимприбор" | M1: УТВЕРЖДАЮ:
G2: (наименование стройки) | M2: Зам. генерального директора
M3: Е.В.Гордеев
A4: _________________ | M4: _________________
A5: " _____ " ________________ 2012 г. | M5: "______ " __________2012 г.
G6: ЛОКАЛЬНЫЙ СМЕТНЫЙ РАСЧЕТ № 24629-2
G7: (локальная смета)
C9: на | D9: Электроснабжение шкафов УДГБ.
H10: (наименование работ и затрат, наименование объекта)
D12: Основание: Проект № 24424-12-ЭМ Тема КПМ Ж6288.219
D13: Сметная стоимость монтажных работ _______________________________________________________________________________________________ | J13: ___________________________5,460 | L13: тыс. руб.
D14: Средства на оплату труда _______________________________________________________________________________________________ | J14: ___________________________0,735 | L14: тыс. руб.
D15: Сметная трудоемкость _______________________________________________________________________________________________ | J15: _______________________________________________________________________________________________45,77 | L15: чел.час
D16: Составлен(а) в базовых ценах 2001г. в редакции 2009г.
A18: № пп | B18: Обоснова-ние | C18: Наименование | D18: Ед. изм. | E18: Кол. | F18: Стоимость единицы, руб. | J18: Общая стоимость, руб. | O18: Т/з осн. раб.на ед. | P18: Т/з осн. раб. Всего | Q18: Общая масса обору-дования, т
F19: Всего | G19: В том числе | J19: Обору-дование | K19: Всего | L19: В том числе
G20: Осн.З/п | H20: Эк.Маш | I20: З/пМех | L20: Осн.З/п | M20: Эк.Маш | N20: З/пМех
A21: 1 | B21: 2 | C21: 3 | D21: 4 | E21: 5 | F21: 6 | G21: 7 | H21: 8 | I21: 9 | J21: 10 | K21: 11 | L21: 12 | M21: 13 | N21: 14 | O21: 15 | P21: 16 | Q21: 17
A22: 1 | B22: ТЕРм08-03-526-01 | C22: Автомат одно-, двух-, трехполюсный, устанавливаемый на конструкции на ток до 25 А | D22: 1 шт. | E22: 2 | F22: 174.77 | G22: 20.9 | H22: 1.28 | K22: 350 | L22: 42 | M22: 3 | O22: 1.56 | P22: 3.12
A23: 2 | B23: ТСЦ-509-0323 | C23: Выключатели автоматические ВА47-29 | D23: шт. | E23: 2 | F23: 33.29 | K23: 67
A24: 3 | B24: ТЕРм08-02-146-01 | C24: Кабель до 35 кВ с креплением накладными скобами, масса 1 м кабеля до 0,5 кг КОЭФ. К ПОЗИЦИИ: 1.8.3.ОП При производстве работ на высоте свыше расстояний, указанных в вводных указаниях к разделам сборника: при высоте свыше 2 до 8 м ОЗП=1,05; ТЗ=1,05 | D24: 100 м кабеля | E24: 0.06 | F24: 2838.69 | G24: 209.15 | H24: 1292.95 | I24: 147.72 | K24: 170 | L24: 13 | M24: 78 | N24: 9 | O24: 15.44 | P24: 0.93
A25: 4 | B25: ТЕРм08-02-147-01 | C25: Кабель до 35 кВ по установленным конструкциям и лоткам с креплением на поворотах и в конце трассы, масса 1 м кабеля до 1 кг КОЭФ. К ПОЗИЦИИ: 1.8.3.ОП При производстве работ на высоте свыше расстояний, указанных в вводных указаниях к разделам сборника: при высоте свыше 2 до 8 м ОЗП=1,05; ТЗ=1,05 | D25: 100 м кабеля | E25: 1.09 | F25: 813.92 | G25: 165.04 | H25: 456.3 | I25: 50.35 | K25: 887 | L25: 180 | M25: 497 | N25: 55 | O25: 12.18 | P25: 13.28
A26: 5 | B26: ТЕРм08-02-144-01 | C26: Присоединение к зажимам жил проводов или кабелей сечением до 2,5 мм2 | D26: 100 шт. | E26: 0.12 | F26: 165.85 | G26: 162.6 | K26: 20 | L26: 20 | O26: 12 | P26: 1.44
A27: 6 | B27: ТСЦ-501-8190 | C27: Кабель силовой с медными жилами с поливинилхлоридной изоляцией в поливинилхлоридной оболочке без защитного покрова ВВГ, напряжением 0,66 Кв, число жил 3 и сечением 1,5 мм2 | D27: 1000 м | E27: 0.1173 | F27: 6962.8 | K27: 817
A28: 7 | B28: ТЕРм08-02-158-04 | C28: Заделка концевая сухая для контрольного кабеля сечением одной жилы до 2,5 мм2, количество жил до 4 | D28: 1 шт. | E28: 4 | F28: 38.4 | G28: 3.52 | H28: 2.92 | I28: 0.18 | K28: 154 | L28: 14 | M28: 12 | N28: 1 | O28: 0.26 | P28: 1.04
A29: 8 | B29: ФЕРм08-02-390-01 | C29: Короба пластмассовые: шириной до 40 мм КОЭФ. К ПОЗИЦИИ: Приведение расценок ФЕР к территориальному уровню (Письмо УРЦЦС Ц-297 от 12.04.2011) ОЗП=1,41; ЭМ=1,242; ЗПМ=1,41; МАТ=1,052 | D29: 100 м | E29: 0.15 | F29: 311.4 | G29: 218.44 | H29: 38.75 | I29: 0.17 | K29: 47 | L29: 33 | M29: 6 | O29: 16.29 | P29: 2.44
A30: 9 | B30: Цена поставщика | C30: Кабель-канал 30х25 "ЭЛЕКОР" CKK10-030-025-1-K01 (Ц:33,33руб:1,18:4,42) | D30: м | E30: 15 | F30: 6.39 | K30: 96
A31: 10 | B31: ТЕРм08-02-472-10 | C31: Проводник заземляющий из медного изолированного провода сечением 25 мм2 открыто по строительным основаниям | D31: 100 м | E31: 0.25 | F31: 4732.43 | G31: 617.45 | H31: 45.38 | I31: 0.55 | K31: 1183 | L31: 154 | M31: 11 | O31: 46.6 | P31: 11.65
A32: 11 | B32: ТСЦ-502-0518 | C32: Провода силовые для электрических установок на напряжение до 450 В с медной жилой марки ПВ3, сечением 4 мм2 | D32: 1000 м | E32: 0.025 | F32: 3471 | K32: 87
A33: Итого прямые затраты по смете в ценах 2001г. | K33: 3878 | L33: 456 | M33: 607 | N33: 65 | P33: 33.9
A34: Итого прямые затраты по смете с учетом коэффициентов к итогам | K34: 4284 | L34: 643 | M34: 824 | N34: 92 | P34: 45.77
A35: В том числе, справочно:
A36: Районный к-т 4,3% (Поз. 1, 3-5, 7-8, 10) | K36: 23 | L36: 20 | M36: 3 | N36: 3
A37: Заготовительно-складские расходы на материалы - согласно п.4.64 из МДС 81-35.2004 МАТ=1,02 (Поз. 9) | K37: 2
A38: 2. Производство монтажных работ в существующих зданиях и сооружениях в стесненных условиях ОЗП=1,35; ЭМ=1,35; ЗПМ=1,35; ТЗ=1,35; ТЗМ=1,35 (Поз. 1, 3-5, 7-8, 10) | K38: 381 | L38: 167 | M38: 214 | N38: 24 | P38: 11.865
A39: Накладные расходы | K39: 698
A40: В том числе, справочно:
A41: 95% ФОТ (от 735) (Поз. 1, 3-5, 7-8, 10) | K41: 698
A42: Сметная прибыль | K42: 478
A43: В том числе, справочно:
A44: 65% ФОТ (от 735) (Поз. 1, 3-5, 7-8, 10) | K44: 478
A45: Итоги по смете:
A46: Итого | K46: 5460 | P46: 45.77
A47: В том числе:
A48: Материалы | K48: 2817
A49: Машины и механизмы | K49: 824
A50: ФОТ | K50: 735
A51: Накладные расходы | K51: 698
A52: Сметная прибыль | K52: 478
A53: ВСЕГО по смете | K53: 5460 | P53: 45.77
B56: Составил ____________________ | I56: Проверил _____________

Sheet 24534-2
A1: СОГЛАСОВАНО: | E1: ФГУП "Комбинат "Электрохимприбор" | M1: УТВЕРЖДАЮ:
G2: (наименование стройки) | M2: Зам. генерального директора
M3: Е.В.Гордеев
A4: _________________ | M4: _________________
A5: " _____ " ________________ 2012 г. | M5: "______ " __________2012 г.
G6: ЛОКАЛЬНЫЙ СМЕТНЫЙ РАСЧЕТ № 24534-2
G7: (локальная смета)
C9: на | D9: электроснабжение. Оборудование рабочих мест разборки.
G10: (наименование работ и затрат, наименование объекта)
D12: Основание: проект № 24360-12-ЭМ
D13: Сметная стоимость _______________________________________________________________________________________________ | J13: ___________________________283,288 | L13: тыс. руб.
D14: монтажных работ _______________________________________________________________________________________________ | J14: _______________________________________________________________________________________________238,873 | L14: тыс. руб.
D15: оборудования _______________________________________________________________________________________________ | J15: _______________________________________________________________________________________________44,415 | L15: тыс. руб.
D16: Средства на оплату труда _______________________________________________________________________________________________ | J16: ___________________________21,856 | L16: тыс. руб.
D17: Сметная трудоемкость _______________________________________________________________________________________________ | J17: _______________________________________________________________________________________________1287,11 | L17: чел.час
D18: Составлен(а) в базовых ценах 2001г. в редакции 2009г.
A20: № пп | B20: Обоснова-ние | C20: Наименование | D20: Ед. изм. | E20: Кол. | F20: Стоимость единицы, руб. | J20: Общая стоимость, руб. | O20: Т/з осн. раб.на ед. | P20: Т/з осн. раб. Всего | Q20: Общая масса обору-дования, т
F21: Всего | G21: В том числе | J21: Обору-дование | K21: Всего | L21: В том числе
G22: Осн.З/п | H22: Эк.Маш | I22: З/пМех | L22: Осн.З/п | M22: Эк.Маш | N22: З/пМех
A23: 1 | B23: 2 | C23: 3 | D23: 4 | E23: 5 | F23: 6 | G23: 7 | H23: 8 | I23: 9 | J23: 10 | K23: 11 | L23: 12 | M23: 13 | N23: 14 | O23: 15 | P23: 16 | Q23: 17
A24: Раздел 1. Демонтажные работы
A25: 1 | B25: ТЕРм08-03-532-04 | C25: Демонтаж: пост управления кнопочный общего назначения, устанавливаемый на конструкции на стене или колонне, количество элементов поста до 3 КОЭФ. К ПОЗИЦИИ: демонтаж ОЗП=0,6; ЭМ=0,6 к расх.; ЗПМ=0,6; МАТ=0 к расх.; ТЗ=0,6; ТЗМ=0,6 | D25: 1 шт. | E25: 14 | F25: 15.24 | G25: 14.47 | H25: 0.77 | K25: 213 | L25: 203 | M25: 10 | O25: 1.08 | P25: 15.12
A26: 2 | B26: ТЕРм10-02-030-01 | C26: Демонтаж: аппарат телефонный КОЭФ. К ПОЗИЦИИ: демонтаж ОЗП=0,6; ЭМ=0,6 к расх.; ЗПМ=0,6; МАТ=0 к расх.; ТЗ=0,6; ТЗМ=0,6 | D26: 1 шт. | E26: 4 | F26: 58.54 | G26: 58.54 | K26: 234 | L26: 234 | O26: 4.32 | P26: 17.28
A27: 3 | B27: ТЕРм08-02-148-01 | C27: Демонтаж: кабель до 35 кВ в проложенных трубах, блоках и коробах, масса 1 м кабеля до 1 кг КОЭФ. К ПОЗИЦИИ: 1.8.3.ОП При производстве работ на высоте свыше расстояний, указанных в вводных указаниях к разделам сборника: при высоте свыше 2 до 8 м ОЗП=1,05; ТЗ=1,05; демонтаж ОЗП=0,3; ЭМ=0,3 к расх.; ЗПМ=0,3; МАТ=0 к расх.; ТЗ=0,3; ТЗМ=0,3 | D27: 100 м кабеля | E27: 15 | F27: 216.37 | G27: 52.93 | H27: 163.44 | I27: 17.36 | K27: 3246 | L27: 794 | M27: 2452 | N27: 260 | O27: 3.91 | P27: 58.65
A28: Переустановка конструкций и приборов
A29: 4 | B29: ТЕРм08-03-543-02 | C29: Демонтаж: светофор с количеством ламп до трех, устанавливаемый на конструкции на стене, колонне или балке КОЭФ. К ПОЗИЦИИ: 1.8.3.ОП При производстве работ на высоте свыше расстояний, указанных в вводных указаниях к разделам сборника: при высоте свыше 2 до 8 м ОЗП=1,05; ТЗ=1,05; демонтаж ОЗП=0,6; ЭМ=0,6 к расх.; ЗПМ=0,6; МАТ=0 к расх.; ТЗ=0,6; ТЗМ=0,6 | D29: 1 шт. | E29: 6 | F29: 22.38 | G29: 20.12 | H29: 2.26 | K29: 134 | L29: 121 | M29: 13 | O29: 1.52 | P29: 9.12
A30: 5 | B30: ТЕРм08-03-543-02 | C30: Монтаж: светофор с количеством ламп до трех, устанавливаемый на конструкции на стене, колонне или балке КОЭФ. К ПОЗИЦИИ: 1.8.3.ОП При производстве работ на высоте свыше расстояний, указанных в вводных указаниях к разделам сборника: при высоте свыше 2 до 8 м ОЗП=1,05; ТЗ=1,05 | D30: 1 шт. | E30: 6 | F30: 94.17 | G30: 33.53 | H30: 3.77 | K30: 565 | L30: 201 | M30: 23 | O30: 2.53 | P30: 15.18
A31: 6 | B31: ТЕРм08-02-396-05 | C31: Демонтаж: короб металлический по стенам и потолкам, длина 2 м КОЭФ. К ПОЗИЦИИ: 1.8.3.ОП При производстве работ на высоте свыше расстояний, указанных в вводных указаниях к разделам сборника: при высоте свыше 2 до 8 м ОЗП=1,05; ТЗ=1,05; демонтаж ОЗП=0,6; ЭМ=0,6 к расх.; ЗПМ=0,6; МАТ=0 к расх.; ТЗ=0,6; ТЗМ=0,6 | D31: 100 м | E31: 1.5 | F31: 786.76 | G31: 313.87 | H31: 472.89 | I31: 121.77 | K31: 1180 | L31: 471 | M31: 709 | N31: 183 | O31: 23.69 | P31: 35.54
A32: 7 | B32: ТЕРм08-02-396-05 | C32: Монтаж: короб металлический по стенам и потолкам, длина 2 м КОЭФ. К ПОЗИЦИИ: 1.8.3.ОП При производстве работ на высоте свыше расстояний, указанных в вводных указаниях к разделам сборника: при высоте свыше 2 до 8 м ОЗП=1,05; ТЗ=1,05 | D32: 100 м | E32: 1.5 | F32: 1865.12 | G32: 523.11 | H32: 788.16 | I32: 202.95 | K32: 2798 | L32: 785 | M32: 1182 | N32: 304 | O32: 39.48 | P32: 59.22
A33: 8 | B33: ТЕРм11-03-011-01 | C33: Демонтаж: преобразователь температуры и влажности КОЭФ. К ПОЗИЦИИ: 1.8.3.ОП При производстве работ на высоте свыше расстояний, указанных в вводных указаниях к разделам сборника: при высоте свыше 2 до 8 м ОЗП=1,05; ТЗ=1,05; демонтаж ОЗП=0,6; ЭМ=0,6 к расх.; ЗПМ=0,6; МАТ=0 к расх.; ТЗ=0,6; ТЗМ=0,6 | D33: 1 компл. | E33: 2 | F33: 64.3 | G33: 38.93 | H33: 25.37 | I33: 1.64 | K33: 129 | L33: 78 | M33: 51 | N33: 3 | O33: 2.83 | P33: 5.66
A34: 9 | B34: ТЕРм11-03-011-01 | C34: Монтаж: преобразователь температуры и влажности | D34: 1 компл. | E34: 2 | F34: 114.59 | G34: 61.78 | H34: 42.29 | I34: 2.73 | K34: 229 | L34: 124 | M34: 85 | N34: 5 | O34: 4.49 | P34: 8.98
A35: Раздел 2. Монтажные работы
A36: 10 | B36: ТСЦ-501-8369 | C36: Кабель силовой с медными жилами с поливинилхлоридной изоляцией с броней из стальной ленты в шланге из поливинилхлорида ВБбШв, напряжением 0,66 Кв, число жил 3 и сечением 1,5 мм2 | D36: 1000 м | E36: 1.02 | F36: 13425 | K36: 13694
A37: 11 | B37: Цена поставщика | C37: Кабель контрольный с броней из стальной ленты в шланге из поливинилхлорида КВБбШв, число жил 7 и сечением 1,5 мм2 (Ц:81185руб:1,18:4,42) | D37: 1000 м | E37: 0.408 | F37: 15565.8 | K37: 6351
A38: 12 | B38: Цена поставщика | C38: Кабель контрольный с броней из стальной ленты в шланге из поливинилхлорида КВБбШв, число жил 10 и сечением 1,5 мм2 (Ц:104493руб:1,18:4,42) | D38: 1000 м | E38: 0.255 | F38: 20034.7 | K38: 5109
A39: 13 | B39: Цена поставщика | C39: Кабель контрольный с броней из стальной ленты в шланге из поливинилхлорида КВБбШв, число жил 27 и сечением 1,5 мм2 (Ц:242695руб:1,18:4,42) | D39: 1000 м | E39: 0.255 | F39: 46532.52 | K39: 11866
A40: 14 | B40: Цена поставщика | C40: Кабель контрольный с броней из стальной ленты в шланге из поливинилхлорида КВБбШв, число жил 37 и сечением 1,5 мм2 (Ц:325015руб:1,18:4,42) | D40: 1000 м | E40: 0.1938 | F40: 62315.94 | K40: 12077
A41: 15 | B41: ТЕРм08-02-148-01 | C41: Кабель до 35 кВ в проложенных трубах, блоках и коробах, масса 1 м кабеля до 1 кг КОЭФ. К ПОЗИЦИИ: 1.8.3.ОП При производстве работ на высоте свыше расстояний, указанных в вводных указаниях к разделам сборника: при высоте свыше 2 до 8 м ОЗП=1,05; ТЗ=1,05 | D41: 100 м кабеля | E41: 10 | F41: 807.24 | G41: 176.42 | H41: 544.81 | I41: 57.87 | K41: 8072 | L41: 1764 | M41: 5448 | N41: 579 | O41: 13.02 | P41: 130.2
A42: 16 | B42: ТЕРм08-02-148-02 | C42: Кабель до 35 кВ в проложенных трубах, блоках и коробах, масса 1 м кабеля до 2 кг КОЭФ. К ПОЗИЦИИ: 1.8.3.ОП При производстве работ на высоте свыше расстояний, указанных в вводных указаниях к разделам сборника: при высоте свыше 2 до 8 м ОЗП=1,05; ТЗ=1,05 | D42: 100 м кабеля | E42: 9 | F42: 1123.42 | G42: 260.37 | H42: 775.44 | I42: 82.28 | K42: 10111 | L42: 2343 | M42: 6979 | N42: 741 | O42: 19.22 | P42: 172.98
A43: 17 | B43: ТЕРм08-02-148-03 | C43: Кабель до 35 кВ в проложенных трубах, блоках и коробах, масса 1 м кабеля до 3 кг КОЭФ. К ПОЗИЦИИ: 1.8.3.ОП При производстве работ на высоте свыше расстояний, указанных в вводных указаниях к разделам сборника: при высоте свыше 2 до 8 м ОЗП=1,05; ТЗ=1,05 | D43: 100 м кабеля | E43: 1.9 | F43: 1524.91 | G43: 330.08 | H43: 1105.89 | I43: 111.48 | K43: 2897 | L43: 627 | M43: 2101 | N43: 212 | O43: 24.36 | P43: 46.28
A44: 18 | B44: ТЕРм08-02-158-04 | C44: Заделка концевая сухая для контрольного кабеля сечением одной жилы до 2,5 мм2, количество жил до 4 | D44: 1 шт. | E44: 46 | F44: 38.4 | G44: 3.52 | H44: 2.92 | I44: 0.18 | K44: 1766 | L44: 162 | M44: 134 | N44: 8 | O44: 0.26 | P44: 11.96
A45: 19 | B45: ТЕРм08-02-158-05 | C45: Заделка концевая сухая для контрольного кабеля сечением одной жилы до 2,5 мм2, количество жил до 7 | D45: 1 шт. | E45: 12 | F45: 40.06 | G45: 5.15 | H45: 2.92 | I45: 0.18 | K45: 481 | L45: 62 | M45: 35 | N45: 2 | O45: 0.38 | P45: 4.56
A46: 20 | B46: ТЕРм08-02-158-06 | C46: Заделка концевая сухая для контрольного кабеля сечением одной жилы до 2,5 мм2, количество жил до 10 | D46: 1 шт. | E46: 8 | F46: 44.11 | G46: 7.05 | H46: 2.92 | I46: 0.18 | K46: 353 | L46: 56 | M46: 23 | N46: 1 | O46: 0.52 | P46: 4.16
A47: 21 | B47: ТЕРм08-02-158-09 | C47: Заделка концевая сухая для контрольного кабеля сечением одной жилы до 2,5 мм2, количество жил до 27 | D47: 1 шт. | E47: 8 | F47: 54.54 | G47: 17.07 | H47: 2.92 | I47: 0.18 | K47: 436 | L47: 137 | M47: 23 | N47: 1 | O47: 1.26 | P47: 10.08
A48: 22 | B48: ТЕРм08-02-158-10 | C48: Заделка концевая сухая для контрольного кабеля сечением одной жилы до 2,5 мм2, количество жил до 37 | D48: 1 шт. | E48: 4 | F48: 60.35 | G48: 22.76 | H48: 2.92 | I48: 0.18 | K48: 241 | L48: 91 | M48: 12 | N48: 1 | O48: 1.68 | P48: 6.72
A49: 23 | B49: ТЕРм08-02-144-01 | C49: Присоединение к зажимам жил проводов или кабелей сечением до 2,5 мм2 | D49: 100 шт. | E49: 5.86 | F49: 165.85 | G49: 162.6 | K49: 972 | L49: 953 | O49: 12 | P49: 70.32
A50: 24 | B50: Цена поставщика | C50: Кабель КВП-5е 1х2х0,52мм2 (Ц:5007руб:1,18:4,42) | D50: 1000 м | E50: 0.2142 | F50: 960 | K50: 206
A51: 25 | B51: ТЕРм08-02-148-01 | C51: Кабель до 35 кВ в проложенных трубах, блоках и коробах, масса 1 м кабеля до 1 кг КОЭФ. К ПОЗИЦИИ: 1.8.3.ОП При производстве работ на высоте свыше расстояний, указанных в вводных указаниях к разделам сборника: при высоте свыше 2 до 8 м ОЗП=1,05; ТЗ=1,05 | D51: 100 м кабеля | E51: 2.1 | F51: 807.24 | G51: 176.42 | H51: 544.81 | I51: 57.87 | K51: 1695 | L51: 370 | M51: 1144 | N51: 122 | O51: 13.02 | P51: 27.34
A52: 26 | B52: ТЕРм10-01-051-34 | C52: Разделка и включение провода одножильного при пайке и отпайке | D52: 100 концов жил | E52: 0.16 | F52: 45.17 | G52: 42.01 | K52: 7 | L52: 7 | O52: 3.1 | P52: 0.5
A53: 27 | B53: ТСЦ-101-2162 прим. | C53: Рукава металлические диаметром 38 мм РЗ-Ц-Х | D53: м | E53: 150 | F53: 16.41 | K53: 2462
A54: 28 | B54: ТЕРм08-02-411-01 | C54: Рукав металлический наружным диаметром до 48 мм КОЭФ. К ПОЗИЦИИ: 1.8.3.ОП При производстве работ на высоте свыше расстояний, указанных в вводных указаниях к разделам сборника: при высоте свыше 2 до 8 м ОЗП=1,05; ТЗ=1,05 | D54: 100 м | E54: 1.5 | F54: 3970.4 | G54: 482.77 | H54: 240.22 | I54: 4 | K54: 5956 | L54: 724 | M54: 360 | N54: 6 | O54: 36.44 | P54: 54.66
A55: 29 | B55: ТСЦ-103-0002 | C55: Трубы стальные сварные водогазопроводные с резьбой черные легкие (неоцинкованные) диаметр условного прохода 20 мм, толщина стенки 2,5 мм | D55: м | E55: 45 | F55: 14.72 | K55: 662
A56: 30 | B56: ТЕРм08-02-408-01 | C56: Труба стальная во взрывоопасных и пожароопасных помещениях по установленным конструкциям, с креплением накладными скобами, диаметр до 25 мм | D56: 100 м | E56: 0.45 | F56: 3037.72 | G56: 832.1 | H56: 1452.51 | I56: 588.6 | K56: 1367 | L56: 374 | M56: 654 | N56: 265 | O56: 62.8 | P56: 28.26
A57: 31 | B57: Цена поставщика | C57: Телефон взрывозащищенный (Ц:1254х42руб:1,18:4,19) | D57: шт | E57: 4 | J57: 42610 | K57: 42610
A58: 32 | B58: ТЕРм10-02-030-03 прим. | C58: Аппарат телефонный взрывозащищенный | D58: 1 шт. | E58: 4 | F58: 133.01 | G58: 111.11 | K58: 532 | L58: 444 | O58: 8.2 | P58: 32.8
A59: 33 | B59: Цена поставщика | C59: Пост управления взрывозащищенный CCFE-01-P (Ц:624х42руб:1,18:4,42) | D59: шт | E59: 4 | F59: 5024.93 | K59: 20100
A60: 34 | B60: Цена поставщика | C60: Пост управления взрывозащищенный CCFE-01-PREMRL (Ц:652х42руб:1,18:4,42) | D60: шт | E60: 4 | F60: 5250.4 | K60: 21002
A61: 35 | B61: Цена поставщика | C61: Пост управления взрывозащищенный CCFE-01-PPLL (Ц:624х42руб:1,18:4,42) | D61: шт | E61: 6 | F61: 5024.93 | K61: 30150
A62: 36 | B62: ТЕРм08-03-532-09 | C62: Пост управления кнопочный взрывозащищенный с количеством элементов поста до 3, устанавливаемый на конструкции на стене или колонне КОЭФ. К ПОЗИЦИИ: 1.8.3.ОП При производстве работ на высоте свыше расстояний, указанных в вводных указаниях к разделам сборника: при высоте свыше 2 до 8 м ОЗП=1,05; ТЗ=1,05 | D62: 1 шт. | E62: 14 | F62: 176 | G62: 40.8 | H62: 4.2 | I62: 0.18 | K62: 2464 | L62: 571 | M62: 59 | N62: 3 | O62: 3.05 | P62: 42.7
A63: 37 | B63: Цена поставщика | C63: Коробка соединительная взрывозащищенная КСРВ-3-2-К (Ц:1109х42руб:1,18:4,42) | D63: шт | E63: 4 | F63: 212.63 | K63: 851
A64: 38 | B64: ТЕРм08-03-545-05 | C64: Коробка с зажимами, устанавливаемая на конструкции на стене или колонне, для кабелей или проводов сечением до 10 мм2, с количеством зажимов до 4 | D64: 1 шт. | E64: 4 | F64: 137.5 | G64: 31.8 | H64: 2.36 | K64: 550 | L64: 127 | M64: 9 | O64: 2.4 | P64: 9.6
A65: 39 | B65: ТЕРм08-02-472-10 | C65: Проводник заземляющий из медного изолированного провода сечением 25 мм2 открыто по строительным основаниям | D65: 100 м | E65: 1.5 | F65: 4732.43 | G65: 617.45 | H65: 45.38 | I65: 0.55 | K65: 7099 | L65: 926 | M65: 68 | N65: 1 | O65: 46.6 | P65: 69.9
A66: 40 | B66: ТСЦ-502-0518 | C66: Провода силовые для электрических установок на напряжение до 450 В с медной жилой марки ПВ3, сечением 4 мм2 | D66: 1000 м | E66: 0.15 | F66: 3471 | K66: 521
A67: 41 | B67: ТЕРм08-02-155-01 | C67: Герметизация проходов при вводе кабелей во взрывоопасные помещения пеной противопожарной КОЭФ. К ПОЗИЦИИ: на материалы МАТ=0 к расх. | D67: 1 проход кабеля | E67: 12 | F67: 6.37 | G67: 6.37 | K67: 76 | L67: 76 | O67: 0.47 | P67: 5.64
A68: 42 | B68: Цена поставщика | C68: Терморасширяющаяся противопожарная пена Hilti CP 620 (Ц:1670руб:1,18:4,42) | D68: шт | E68: 24 | F68: 320.19 | K68: 7685
A69: 43 | B69: Цена поставщика | C69: Миксер CP 620 (Ц:50,41руб:1,18:4,42) | D69: шт | E69: 24 | F69: 9.67 | K69: 232
A70: 44 | B70: Цена поставщика | C70: Удлинитель CP 620 (Ц:32,49руб:1,18:4,42) | D70: шт | E70: 24 | F70: 6.23 | K70: 150
A71: 45 | B71: Цена поставщика | C71: Очиститель CFR 1 (Ц:312руб:1,18:4,42) | D71: шт | E71: 2 | F71: 59.82 | K71: 120
A72: 46 | B72: Цена поставщика | C72: Ручное дозирующее устройство CP DSC620 (Ц:4745руб:1,18:4,42) | D72: шт | E72: 2 | F72: 909.77 | K72: 1820
A73: Итого прямые затраты по смете в ценах 2001г. | K73: 231471 | L73: 12825 | M73: 21574 | N73: 2697 | P73: 953.41
A74: Итого прямые затраты по смете с учетом коэффициентов к итогам | K74: 248571 | L74: 18058 | M74: 29282 | N74: 3798 | P74: 1287.11
A75: В том числе, справочно:
A76: Районный к-т 4,3% (Поз. 1, 3-7, 15-23, 25, 28, 30, 36, 38-39, 41, 2, 8-9, 26, 32) | K76: 667 | L76: 551 | M76: 116 | N76: 116
A77: Заготовительно-складские расходы на материалы - согласно п.4.64 из МДС 81-35.2004 МАТ=1,02 (Поз. 11-14, 24, 33-35, 37, 42-46) | K77: 2354
A78: Транспортные расходы на оборудование - согласно п.4.60 из МДС 81-35.2004 ПЗ=1,03 (ОЗП=1,03; ЭМ=1,03; МАТ=1,03) (Поз. 31) | K78: 1278
A79: Заготовительно-складские расходы на оборудование - согласно п.4.64 из МДС 81-35.2004 ПЗ=1,012 (ОЗП=1,012; ЭМ=1,012; МАТ=1,012) (Поз. 31) | K79: 527
A80: 2. Производство монтажных работ в существующих зданиях и сооружениях в стесненных условиях ОЗП=1,35; ЭМ=1,35; ЗПМ=1,35; ТЗ=1,35; ТЗМ=1,35 (Поз. 1, 3-7, 15-23, 25, 28, 30, 36, 38-39, 41, 2, 8-9, 26, 32) | K80: 12274 | L80: 4682 | M80: 7592 | N80: 985 | P80: 333.6935
A81: Накладные расходы | K81: 20574
A82: В том числе, справочно:
A83: 80% ФОТ (от 1260) (Поз. 2, 8-9, 26, 32) | K83: 1008
A84: 95% ФОТ (от 20596) (Поз. 1, 3-7, 15-23, 25, 28, 30, 36, 38-39, 41) | K84: 19566
A85: Сметная прибыль | K85: 14143
A86: В том числе, справочно:
A87: 60% ФОТ (от 1260) (Поз. 2, 8-9, 26, 32) | K87: 756
A88: 65% ФОТ (от 20596) (Поз. 1, 3-7, 15-23, 25, 28, 30, 36, 38-39, 41) | K88: 13387
A89: Итоги по смете:
A90: Итого Монтажные работы | K90: 238873 | P90: 1287.11
A91: Итого Оборудование | K91: 44415
A92: Итого | K92: 283288 | P92: 1287.11
A93: В том числе:
A94: Материалы | K94: 156816
A95: Машины и механизмы | K95: 29282
A96: ФОТ | K96: 21856
A97: Оборудование | K97: 44415
A98: Накладные расходы | K98: 20574
A99: Сметная прибыль | K99: 14143
A100: ВСЕГО по смете | K100: 283288 | P100: 1287.11
B102: ПРИМЕЧАНИЕ: материал от разборки, пригодный для дальнейшего использования, передается балансодержателю по акту
B104: Составил ____________________ | I104: Проверил _____________

Sheet 24553-2
A1: СОГЛАСОВАНО: | E1: ФГУП "Комбинат "Электрохимприбор" | M1: УТВЕРЖДАЮ:
G2: (наименование стройки) | M2: Зам. генерального директора
M3: Е.В.Гордеев
A4: _________________ | M4: _________________
A5: " _____ " ________________ 2012 г. | M5: "______ " __________2012 г.
G6: ЛОКАЛЬНЫЙ СМЕТНЫЙ РАСЧЕТ № 24553-2
G7: (локальная смета)
C9: на | D9: Электроснабжение. Электрооборудование. Площадка 2. Здание 292 А/3. Помещения 116, 126. | O9: инв.№ 9109052
G10: (наименование работ и затрат, наименование объекта)
D12: Основание: проект № 24387-12-ЭМ
D13: Сметная стоимость _______________________________________________________________________________________________ | J13: ___________________________146,039 | L13: тыс. руб.
D14: монтажных работ _______________________________________________________________________________________________ | J14: _______________________________________________________________________________________________91,777 | L14: тыс. руб.
D15: оборудования _______________________________________________________________________________________________ | J15: _______________________________________________________________________________________________54,262 | L15: тыс. руб.
D16: Средства на оплату труда _______________________________________________________________________________________________ | J16: ___________________________9,292 | L16: тыс. руб.
D17: Сметная трудоемкость _______________________________________________________________________________________________ | J17: _______________________________________________________________________________________________567,19 | L17: чел.час
D18: Составлен(а) в базовых ценах 2001г. в редакции 2009г.
A20: № пп | B20: Обоснова-ние | C20: Наименование | D20: Ед. изм. | E20: Кол. | F20: Стоимость единицы, руб. | J20: Общая стоимость, руб. | O20: Т/з осн. раб.на ед. | P20: Т/з осн. раб. Всего | Q20: Общая масса обору-дования, т
F21: Всего | G21: В том числе | J21: Обору-дование | K21: Всего | L21: В том числе
G22: Осн.З/п | H22: Эк.Маш | I22: З/пМех | L22: Осн.З/п | M22: Эк.Маш | N22: З/пМех
A23: 1 | B23: 2 | C23: 3 | D23: 4 | E23: 5 | F23: 6 | G23: 7 | H23: 8 | I23: 9 | J23: 10 | K23: 11 | L23: 12 | M23: 13 | N23: 14 | O23: 15 | P23: 16 | Q23: 17
A24: Раздел 1. Демонтажные работы
A25: 1 | B25: ТЕРм08-03-526-01 | C25: Демонтаж: автомат одно-, двух-, трехполюсный, устанавливаемый на конструкции на стене или колонне, на ток до 25 А КОЭФ. К ПОЗИЦИИ: демонтаж ОЗП=0,3; ЭМ=0,3 к расх.; ЗПМ=0,3; МАТ=0 к расх.; ТЗ=0,3; ТЗМ=0,3 | D25: 1 шт. | E25: 1 | F25: 6.65 | G25: 6.27 | H25: 0.38 | K25: 7 | L25: 7 | O25: 0.47 | P25: 0.47
A26: Раздел 2. Монтажные работы
A27: 2 | B27: ТСЦ-504-0290 | C27: Ящики с понижающим трансформатором автомат. выключателем, 36в ЯТП-0,25-2 | D27: шт. | E27: 2 | F27: 487 | K27: 974
A28: 3 | B28: ТЕРм08-03-603-01 | C28: Монтаж: ящик с понижающим трансформатором | D28: 1 шт. | E28: 2 | F28: 30.68 | G28: 19.98 | H28: 6.59 | I28: 0.36 | K28: 61 | L28: 40 | M28: 13 | N28: 1 | O28: 1.43 | P28: 2.86
A29: 4 | B29: Цена поставщика | C29: Светильник взрывозащищенный переносной СПВ-9 (Ц:1920руб:1,18:4,42) | D29: шт | E29: 4 | F29: 368.13 | K29: 1473
A30: 5 | B30: ТСЦ-509-0732 | C30: Лампы | D30: 10 шт. | E30: 0.4 | F30: 26.77 | K30: 11
A31: 6 | B31: Цена поставщика | C31: Пост управления взрывозащищенный CCFE-01 (Ц:652х42руб:1,18:4,42) | D31: шт | E31: 4 | F31: 5250.4 | K31: 21002
A32: 7 | B32: Цена поставщика | C32: Пост управления взрывозащищенный CCFE-01-PPLL (Ц:624х42руб:1,18:4,42) | D32: шт | E32: 2 | F32: 5024.93 | K32: 10050
A33: 8 | B33: ТЕРм08-03-532-09 | C33: Монтаж: пост управления кнопочный взрывозащищенный с количеством элементов поста до 3, устанавливаемый на конструкции на стене или колонне КОЭФ. К ПОЗИЦИИ: 1.8.3.ОП При производстве работ на высоте свыше расстояний, указанных в вводных указаниях к разделам сборника: при высоте свыше 2 до 8 м ОЗП=1,05; ТЗ=1,05 | D33: 1 шт. | E33: 6 | F33: 176 | G33: 40.8 | H33: 4.2 | I33: 0.18 | K33: 1056 | L33: 245 | M33: 25 | N33: 1 | O33: 3.05 | P33: 18.3
A34: 9 | B34: ТСЦ-504-0296 прим. | C34: Ящики управления приводами Я5113-2574 | D34: шт. | E34: 2 | J34: 3286 | K34: 3286
A35: 10 | B35: ТЕРм08-03-573-05 | C35: Монтаж: шкаф (пульт) управления навесной, высота, ширина и глубина до 900х600х500 мм | D35: 1 шт. | E35: 2 | F35: 126.83 | G35: 33.11 | H35: 89.04 | I35: 6.72 | K35: 254 | L35: 66 | M35: 178 | N35: 13 | O35: 2.37 | P35: 4.74
A36: 11 | B36: Цена поставщика | C36: Блок реле промежуточных БРП (Ц:46890,50руб:4,19) | D36: шт. | E36: 2 | J36: 22382 | K36: 22382
A37: 12 | B37: ТЕРм10-02-016-06 прим. | C37: Монтаж: блок реле | D37: 1 шт. | E37: 2 | F37: 256.7 | G37: 157.76 | H37: 33.83 | I37: 6.87 | K37: 513 | L37: 316 | M37: 68 | N37: 14 | O37: 10.1 | P37: 20.2
A38: 13 | B38: Цена поставщика | C38: Блок питания потребителей БПП (Ц:55566,37руб:4,19) | D38: шт. | E38: 2 | J38: 26523 | K38: 26523
A39: 14 | B39: ТЕРм10-02-016-06 прим. | C39: Монтаж: блок питания | D39: 1 шт. | E39: 2 | F39: 256.7 | G39: 157.76 | H39: 33.83 | I39: 6.87 | K39: 513 | L39: 316 | M39: 68 | N39: 14 | O39: 10.1 | P39: 20.2
A40: 15 | B40: ТСЦ-502-0578 | C40: Провода монтажные с волокнистой или пленочной и поливинилхлоридной изоляцией марки МГШВ экранированные с двумя жилами из медной луженной проволоки сечением 0,50 мм | D40: 1000 м | E40: 0.085 | F40: 1853.8 | K40: 158
A41: 16 | B41: ТЕРм11-06-002-02 | C41: Электрические проводки в щитах и пультах малогабаритных | D41: 100 м | E41: 0.85 | F41: 207.18 | G41: 193.69 | K41: 176 | L41: 165 | O41: 12.4 | P41: 10.54
A42: 17 | B42: Цена поставщика | C42: Коробка ответвительная IP 56 100х100х50 53810 (Ц:68руб:1,18:4,42) | D42: шт. | E42: 4 | F42: 13.04 | K42: 52
A43: 18 | B43: Цена поставщика | C43: Колодка клеммная DKC на 12 полюсов 43112NY (Цена:47,65руб :1,18:4,42) | D43: шт | E43: 4 | F43: 9.14 | K43: 37
A44: 19 | B44: Цена поставщика | C44: Зажим кабельный DKC с контргайкой, 13 мм, 52500 (Ц:16руб:1,18:4,42) | D44: шт. | E44: 16 | F44: 3.07 | K44: 49
A45: 20 | B45: ТЕРм08-03-545-05 | C45: Коробка с зажимами, устанавливаемая на конструкции на стене или колонне, для кабелей или проводов сечением до 10 мм2, с количеством зажимов до 4 | D45: 1 шт. | E45: 2 | F45: 137.5 | G45: 31.8 | H45: 2.36 | K45: 275 | L45: 64 | M45: 5 | O45: 2.4 | P45: 4.8
A46: 21 | B46: ТСЦ-501-8369 прим. | C46: Кабель силовой с медными жилами с поливинилхлоридной изоляцией с броней из стальной ленты в шланге из поливинилхлорида ВБбШв, напряжением 0,66 Кв, число жил 3 и сечением 1,5 мм2 КОЭФ. К ПОЗИЦИИ: ПЗ=0,8 | D46: 1000 м | E46: 0.153 | F46: 10740 | K46: 1643
A47: 22 | B47: ТСЦ-501-8210 | C47: Кабель силовой с медными жилами с поливинилхлоридной изоляцией в поливинилхлоридной оболочке без защитного покрова ВВГ, напряжением 0,66 Кв, число жил 5 и сечением 2,5 мм2 | D47: 1000 м | E47: 0.0255 | F47: 16109 | K47: 411
A48: 23 | B48: ТСЦ-501-8190 | C48: Кабель силовой с медными жилами с поливинилхлоридной изоляцией в поливинилхлоридной оболочке без защитного покрова ВВГ, напряжением 0,66 Кв, число жил 3 и сечением 1,5 мм2 | D48: 1000 м | E48: 0.0663 | F48: 6962.8 | K48: 462
A49: 24 | B49: ТСЦ-501-8183 | C49: Кабель силовой с медными жилами с поливинилхлоридной изоляцией в поливинилхлоридной оболочке без защитного покрова ВВГ, напряжением 0,66 Кв, число жил 2 и сечением 1,5 мм2 | D49: 1000 м | E49: 0.1122 | F49: 4439.3 | K49: 498
A50: 25 | B50: ТСЦ-501-0810 | C50: Кабели контрольные с медными жилами с поливинилхлоридной изоляцией и оболочкой марки КВВГ, с числом жил - 14 и сечением 1,5 мм2 | D50: 1000 м | E50: 0.1632 | F50: 21533 | K50: 3514
A51: 26 | B51: ТСЦ-501-0809 | C51: Кабели контрольные с медными жилами с поливинилхлоридной изоляцией и оболочкой марки КВВГ, с числом жил - 10 и сечением 1,5 мм2 | D51: 1000 м | E51: 0.0867 | F51: 16855 | K51: 1461
A52: 27 | B52: ТЕРм08-02-146-02 | C52: Кабель до 35 кВ с креплением накладными скобами, масса 1 м кабеля до 1 кг КОЭФ. К ПОЗИЦИИ: 1.8.3.ОП При производстве работ на высоте свыше расстояний, указанных в вводных указаниях к разделам сборника: при высоте свыше 2 до 8 м ОЗП=1,05; ТЗ=1,05 | D52: 100 м кабеля | E52: 0.651 | F52: 3072.43 | G52: 237.6 | H52: 1497.69 | I52: 168.84 | K52: 2000 | L52: 155 | M52: 975 | N52: 110 | O52: 17.54 | P52: 11.42
A53: 28 | B53: ТЕРм08-02-148-01 | C53: Кабель до 35 кВ в проложенных трубах, блоках и коробах, масса 1 м кабеля до 1 кг КОЭФ. К ПОЗИЦИИ: 1.8.3.ОП При производстве работ на высоте свыше расстояний, указанных в вводных указаниях к разделам сборника: при высоте свыше 2 до 8 м ОЗП=1,05; ТЗ=1,05 | D53: 100 м кабеля | E53: 5.649 | F53: 807.24 | G53: 176.42 | H53: 544.81 | I53: 57.87 | K53: 4560 | L53: 997 | M53: 3078 | N53: 327 | O53: 13.02 | P53: 73.55
A54: 29 | B54: Цена поставщика | C54: Кабель контрольный с броней из стальной ленты в шланге из поливинилхлорида КВБбШв, число жил 10 и сечением 1,5 мм2 (Ц:104493руб:1,18:4,42) | D54: 1000 м | E54: 0.204 | F54: 20034.7 | K54: 4087
A55: 30 | B55: Цена поставщика | C55: Кабель гибкий КРШС 3х1,5 мм2 (Ц:30793руб:1,18:4,42) | D55: 1000 м | E55: 0.0561 | F55: 5904.02 | K55: 331
A56: 31 | B56: ТЕРм08-02-148-02 | C56: Кабель до 35 кВ в проложенных трубах, блоках и коробах, масса 1 м кабеля до 2 кг КОЭФ. К ПОЗИЦИИ: 1.8.3.ОП При производстве работ на высоте свыше расстояний, указанных в вводных указаниях к разделам сборника: при высоте свыше 2 до 8 м ОЗП=1,05; ТЗ=1,05 | D56: 100 м кабеля | E56: 2 | F56: 1123.42 | G56: 260.37 | H56: 775.44 | I56: 82.28 | K56: 2247 | L56: 521 | M56: 1551 | N56: 165 | O56: 19.22 | P56: 38.44
A57: 32 | B57: ТЕРм08-02-158-04 | C57: Заделка концевая сухая для контрольного кабеля сечением одной жилы до 2,5 мм2, количество жил до 4 | D57: 1 шт. | E57: 44 | F57: 38.4 | G57: 3.52 | H57: 2.92 | I57: 0.18 | K57: 1690 | L57: 155 | M57: 128 | N57: 8 | O57: 0.26 | P57: 11.44
A58: 33 | B58: ТЕРм08-02-158-05 | C58: Заделка концевая сухая для контрольного кабеля сечением одной жилы до 2,5 мм2, количество жил до 7 | D58: 1 шт. | E58: 6 | F58: 40.06 | G58: 5.15 | H58: 2.92 | I58: 0.18 | K58: 240 | L58: 31 | M58: 18 | N58: 1 | O58: 0.38 | P58: 2.28
A59: 34 | B59: ТЕРм08-02-158-06 | C59: Заделка концевая сухая для контрольного кабеля сечением одной жилы до 2,5 мм2, количество жил до 10 | D59: 1 шт. | E59: 44 | F59: 44.11 | G59: 7.05 | H59: 2.92 | I59: 0.18 | K59: 1941 | L59: 310 | M59: 128 | N59: 8 | O59: 0.52 | P59: 22.88
A60: 35 | B60: ТЕРм08-02-158-07 | C60: Заделка концевая сухая для контрольного кабеля сечением одной жилы до 2,5 мм2, количество жил до 14 | D60: 1 шт. | E60: 24 | F60: 46.46 | G60: 9.35 | H60: 2.92 | I60: 0.18 | K60: 1115 | L60: 224 | M60: 70 | N60: 4 | O60: 0.69 | P60: 16.56
A61: 36 | B61: ТЕРм08-02-144-01 | C61: Присоединение к зажимам жил проводов или кабелей сечением до 2,5 мм2 | D61: 100 шт. | E61: 8.74 | F61: 165.85 | G61: 162.6 | K61: 1450 | L61: 1421 | O61: 12 | P61: 104.88
A62: 37 | B62: ТСЦ-101-2162 | C62: Рукава металлические диаметром 27 мм РЗ-Ц-Х | D62: м | E62: 80 | F62: 16.41 | K62: 1313
A63: 38 | B63: ТЕРм08-02-411-01 | C63: Рукав металлический наружным диаметром до 48 мм КОЭФ. К ПОЗИЦИИ: 1.8.3.ОП При производстве работ на высоте свыше расстояний, указанных в вводных указаниях к разделам сборника: при высоте свыше 2 до 8 м ОЗП=1,05; ТЗ=1,05 | D63: 100 м | E63: 0.8 | F63: 3970.4 | G63: 482.77 | H63: 240.22 | I63: 4 | K63: 3176 | L63: 386 | M63: 192 | N63: 3 | O63: 36.44 | P63: 29.15
A64: 39 | B64: ТСЦ-103-0002 | C64: Трубы стальные сварные водогазопроводные с резьбой черные легкие (неоцинкованные) диаметр условного прохода 20 мм, толщина стенки 2,5 мм | D64: м | E64: 25 | F64: 14.72 | K64: 368
A65: 40 | B65: ТЕРм08-02-408-01 | C65: Труба стальная во взрывоопасных и пожароопасных помещениях по установленным конструкциям, с креплением накладными скобами, диаметр до 25 мм | D65: 100 м | E65: 0.25 | F65: 3037.72 | G65: 832.1 | H65: 1452.51 | I65: 588.6 | K65: 759 | L65: 208 | M65: 363 | N65: 147 | O65: 62.8 | P65: 15.7
A66: 41 | B66: ТЕРм08-02-412-01 | C66: Затягивание провода в проложенные трубы и металлические рукава первого одножильного или многожильного в общей оплетке, суммарное сечение до 2,5 мм2 | D66: 100 м | E66: 0.21 | F66: 658.05 | G66: 74.33 | H66: 2.92 | I66: 0.18 | K66: 138 | L66: 16 | M66: 1 | O66: 5.61 | P66: 1.18
A67: 42 | B67: ТЕРм08-02-412-09 | C67: Затягивание провода в проложенные трубы и металлические рукава каждого последующего одножильного или многожильного в общей оплетке, суммарное сечение до 6 мм2 | D67: 100 м | E67: 0.84 | F67: 248.1 | G67: 30.34 | H67: 2.92 | I67: 0.18 | K67: 208 | L67: 25 | M67: 2 | O67: 2.29 | P67: 1.92
A68: 43 | B68: ТСЦ-502-0514 | C68: Провода силовые для электрических установок на напряжение до 450 В с медной жилой марки ПВ3, сечением 1,5 мм2 | D68: 1000 м | E68: 0.1071 | F68: 1440 | K68: 154
A69: 44 | B69: ТЕРм08-02-412-03 | C69: Затягивание провода в проложенные трубы и металлические рукава первого одножильного или многожильного в общей оплетке, суммарное сечение до 16 мм2 | D69: 100 м | E69: 0.05 | F69: 730.59 | G69: 104.15 | H69: 11.69 | I69: 0.73 | K69: 37 | L69: 5 | M69: 1 | O69: 7.86 | P69: 0.39
A70: 45 | B70: ТЕРм08-02-412-10 | C70: Затягивание провода в проложенные трубы и металлические рукава каждого последующего одножильного или многожильного в общей оплетке, суммарное сечение до 35 мм2 | D70: 100 м | E70: 0.2 | F70: 346.67 | G70: 74.33 | H70: 23.38 | I70: 1.46 | K70: 69 | L70: 15 | M70: 5 | O70: 5.61 | P70: 1.12
A71: 46 | B71: ТСЦ-502-0522 | C71: Провода силовые для электрических установок на напряжение до 450 В с медной жилой марки ПВ3, сечением 10 мм2 | D71: 1000 м | E71: 0.0255 | F71: 8437.99 | K71: 215
A72: 47 | B72: ФЕРм08-02-390-01 | C72: Короба пластмассовые: шириной до 40 мм КОЭФ. К ПОЗИЦИИ: Приведение расценок ФЕР к территориальному уровню (Письмо УРЦЦС Ц-297 от 12.04.2011) ОЗП=1,41; ЭМ=1,242; ЗПМ=1,41; МАТ=1,052 | D72: 100 м | E72: 0.15 | F72: 311.4 | G72: 218.44 | H72: 38.75 | I72: 0.17 | K72: 47 | L72: 33 | M72: 6 | O72: 16.29 | P72: 2.44
A73: 48 | B73: Цена поставщика | C73: Кабель-канал 40х40 "ЭЛЕКОР" CKK10-040-040-1-K01-024 (Ц:56,97руб:1,18:4,42) | D73: м | E73: 15 | F73: 10.92 | K73: 164
A74: 49 | B74: ТЕРм08-03-526-01 | C74: Автомат одно-, двух-, трехполюсный, устанавливаемый на конструкции на стене или колонне, на ток до 25 А | D74: 1 шт. | E74: 3 | F74: 174.77 | G74: 20.9 | H74: 1.28 | K74: 524 | L74: 63 | M74: 4 | O74: 1.56 | P74: 4.68
A75: 50 | B75: ТСЦ-509-0323 | C75: Выключатели автоматические | D75: шт. | E75: 3 | F75: 33.29 | K75: 100
A76: Итого прямые затраты по смете в ценах 2001г. | K76: 123774 | L76: 5784 | M76: 6879 | N76: 816 | P76: 420.14
A77: Итого прямые затраты по смете с учетом коэффициентов к итогам | K77: 131404 | L77: 8143 | M77: 9334 | N77: 1149 | P77: 567.19
A78: В том числе, справочно:
A79: Районный к-т 4,3% (Поз. 1, 3, 8, 10, 20, 25-28, 31-36, 38, 40-42, 44-45, 47, 49-50, 12, 14-16) | K79: 283 | L79: 249 | M79: 35 | N79: 35
A80: Заготовительно-складские расходы на материалы - согласно п.4.64 из МДС 81-35.2004 МАТ=1,02 (Поз. 4, 6-7, 17-19, 29-30, 48) | K80: 745
A81: Транспортные расходы на оборудование - согласно п.4.60 из МДС 81-35.2004 ПЗ=1,03 (ОЗП=1,03; ЭМ=1,03; МАТ=1,03) (Поз. 11, 13) | K81: 1467
A82: Заготовительно-складские расходы на оборудование - согласно п.4.64 из МДС 81-35.2004 ПЗ=1,012 (ОЗП=1,012; ЭМ=1,012; МАТ=1,012) (Поз. 11, 13) | K82: 604
A83: 2. Производство монтажных работ в существующих зданиях и сооружениях в стесненных условиях ОЗП=1,35; ЭМ=1,35; ЗПМ=1,35; ТЗ=1,35; ТЗМ=1,35 (Поз. 1, 3, 8, 10, 20, 25-28, 31-36, 38, 40-42, 44-45, 47, 49-50, 12, 14-16) | K83: 4531 | L83: 2111 | M83: 2420 | N83: 298 | P83: 147.049
A84: Накладные расходы | K84: 8653
A85: В том числе, справочно:
A86: 80% ФОТ (от 1161) (Поз. 12, 14-16) | K86: 929
A87: 95% ФОТ (от 8131) (Поз. 1, 3, 8, 10, 20, 25-28, 31-36, 38, 40-42, 44-45, 47, 49-50) | K87: 7724
A88: Сметная прибыль | K88: 5982
A89: В том числе, справочно:
A90: 60% ФОТ (от 1161) (Поз. 12, 14-16) | K90: 697
A91: 65% ФОТ (от 8131) (Поз. 1, 3, 8, 10, 20, 25-28, 31-36, 38, 40-42, 44-45, 47, 49-50) | K91: 5285
A92: Итоги по смете:
A93: Итого Монтажные работы | K93: 91777 | P93: 567.19
A94: Итого Оборудование | K94: 54262
A95: Итого | K95: 146039 | P95: 567.19
A96: В том числе:
A97: Материалы | K97: 59665
A98: Машины и механизмы | K98: 9334
A99: ФОТ | K99: 9292
A100: Оборудование | K100: 54262
A101: Накладные расходы | K101: 8653
A102: Сметная прибыль | K102: 5982
A103: ВСЕГО по смете | K103: 146039 | P103: 567.19
...

Sheet 24653
A1: СОГЛАСОВАНО: | E1: ФГУП "Комбинат "Электрохимприбор" | M1: УТВЕРЖДАЮ:
G2: (наименование стройки) | M2: Зам. генерального директора
M3: Е.В.Гордеев
A4: _________________ | M4: _________________
A5: " _____ " ________________ 2012 г. | M5: "______ " __________2012 г.
G6: ЛОКАЛЬНЫЙ СМЕТНЫЙ РАСЧЕТ № 24653
G7: (локальная смета)
D9: на систему КРБ.
G10: (наименование работ и затрат, наименование объекта)
D12: Основание: проекты ЖАЕ.10950.400; Ж54ТА2341. Тема КПМ Ж6288.219
D13: Сметная стоимость _______________________________________________________________________________________________ | J13: ___________________________385,623 | L13: тыс. руб.
D14: монтажных работ _______________________________________________________________________________________________ | J14: _______________________________________________________________________________________________8,562 | L14: тыс. руб.
D15: оборудования _______________________________________________________________________________________________ | J15: _______________________________________________________________________________________________377,061 | L15: тыс. руб.
D16: Средства на оплату труда _______________________________________________________________________________________________ | J16: ___________________________1,492 | L16: тыс. руб.
D17: Сметная трудоемкость _______________________________________________________________________________________________ | J17: _______________________________________________________________________________________________97,34 | L17: чел.час
D18: Материалы ______________________________________ | K18: =K67/1000 -> 3.841 | L18: тыс.руб.
D19: Составлен(а) в базовых ценах 2001г. в редакции 2009г.
A21: № пп | B21: Обоснова-ние | C21: Наименование | D21: Ед. изм. | E21: Кол. | F21: Стоимость единицы, руб. | J21: Общая стоимость, руб. | O21: Т/з осн. раб.на ед. | P21: Т/з осн. раб. Всего | Q21: Общая масса обору-дования, т
F22: Всего | G22: В том числе | J22: Обору-дование | K22: Всего | L22: В том числе
G23: Осн.З/п | H23: Эк.Маш | I23: З/пМех | L23: Осн.З/п | M23: Эк.Маш | N23: З/пМех
A24: 1 | B24: 2 | C24: 3 | D24: 4 | E24: 5 | F24: 6 | G24: 7 | H24: 8 | I24: 9 | J24: 10 | K24: 11 | L24: 12 | M24: 13 | N24: 14 | O24: 15 | P24: 16 | Q24: 17
A25: 1 | B25: Цена завода | C25: Стоимость блока аварийной сигнализации БАС-01 (Цена: 47500руб:1,18:4,19) | D25: шт | E25: 3 | J25: 28822 | K25: 28822
A26: 2 | B26: ТЕРм11-04-004-01 | C26: Монтаж блока аварийной сигнализации БАС-01 | D26: 1 шт. | E26: 2 | F26: 287.29 | G26: 132.21 | H26: 126.56 | I26: 7.83 | K26: 575 | L26: 264 | M26: 253 | N26: 16 | O26: 10.1 | P26: 20.2
A27: Шкаф УДГБ
A28: 3 | B28: Цена завода | C28: Шкаф сетевой TS8 (Цена:17000руб:1,18:4,19) | E28: 2 | J28: 6877 | K28: 6877
A29: 4 | B29: ТЕРм10-06-037-05 | C29: Монтаж: шкаф настенный для приборов | D29: 1 шт. | E29: 2 | F29: 121.87 | G29: 26.33 | H29: 2.39 | K29: 244 | L29: 53 | M29: 5 | O29: 2.06 | P29: 4.12
A30: 5 | B30: Цена завода | C30: Стоимость установки УДГБ-01Т (Цена: 806000руб:1,18:4,19) | E30: 2 | J30: 326039 | K30: 326039
A31: 6 | B31: ТЕРм11-04-004-01 | C31: Монтаж: установка радиометрическая УДГБ-01Т) | D31: 1 шт. | E31: 2 | F31: 287.29 | G31: 132.21 | H31: 126.56 | I31: 7.83 | K31: 575 | L31: 264 | M31: 253 | N31: 16 | O31: 10.1 | P31: 20.2
A32: 7 | B32: ТЕРм08-03-591-08 | C32: Розетка штепсельная неутопленного типа при открытой проводке | D32: 100 шт. | E32: 0.1 | F32: 813.8 | G32: 603.5 | H32: 29.99 | I32: 0.73 | K32: 81 | L32: 60 | M32: 3 | O32: 43.2 | P32: 4.32
A33: 8 | B33: ТСЦ-503-0471 | C33: Розетка открытой проводки с заземлением | D33: шт. | E33: 4 | F33: 10.82 | K33: 43
A34: 9 | B34: ТЕРм11-06-002-02 | C34: Электрические проводки в щитах и пультах малогабаритных | D34: 100 м | E34: 0.02 | F34: 207.18 | G34: 193.69 | K34: 4 | L34: 4 | O34: 12.4 | P34: 0.25
A35: 10 | B35: ТСЦ-502-0578 | C35: Провода монтажные с волокнистой или пленочной и поливинилхлоридной изоляцией марки МГШВЭ экранированные с двумя жилами из медной луженной проволоки сечением 0,50 мм | D35: 1000 м | E35: 0.002 | F35: 1853.8 | K35: 4
A36: 11 | B36: ТСЦ-301-1380 | C36: Трубки защитные | D36: м | E36: 4 | F36: 10.01 | K36: 40
A37: 12 | B37: ТЕРм11-06-002-05 | C37: Трубные проводки в щитах и пультах из пластмассовых труб | D37: 100 м | E37: 0.04 | F37: 593.9 | G37: 362.38 | H37: 153.88 | I37: 24.66 | K37: 24 | L37: 14 | M37: 6 | N37: 1 | O37: 23.2 | P37: 0.93
A38: Кабельные проводки
A39: 13 | B39: ТСЦ-101-2161 прим. | C39: Рукава металлические диаметром 18 мм РЗ-Ц-Х | D39: м | E39: 25 | F39: 11.9 | K39: 298
A40: 14 | B40: ТЕРм08-02-411-01 | C40: Рукав металлический наружным диаметром до 48 мм КОЭФ. К ПОЗИЦИИ: 1.8.3.ОП При производстве работ на высоте свыше расстояний, указанных в вводных указаниях к разделам сборника: при высоте свыше 2 до 8 м ОЗП=1,05; ТЗ=1,05 | D40: 100 м | E40: 0.25 | F40: 3970.4 | G40: 482.77 | H40: 240.22 | I40: 4 | K40: 993 | L40: 121 | M40: 60 | N40: 1 | O40: 36.44 | P40: 9.11
A41: 15 | B41: ТЕРм08-02-412-02 | C41: Затягивание провода в проложенные трубы и металлические рукава первого одножильного или многожильного в общей оплетке, суммарное сечение до 6 мм2 | D41: 100 м | E41: 0.25 | F41: 676.59 | G41: 89.31 | H41: 5.85 | I41: 0.36 | K41: 169 | L41: 22 | M41: 1 | O41: 6.74 | P41: 1.69
A42: 16 | B42: ТЕРм08-02-399-01 | C42: Провод (кабель) в коробах, сечением до 6 мм2 КОЭФ. К ПОЗИЦИИ: 1.8.3.ОП При производстве работ на высоте свыше расстояний, указанных в вводных указаниях к разделам сборника: при высоте свыше 2 до 8 м ОЗП=1,05; ТЗ=1,05 | D42: 100 м | E42: 3.05 | F42: 191.56 | G42: 48.97 | H42: 56.09 | I42: 24.55 | K42: 584 | L42: 149 | M42: 171 | N42: 75 | O42: 3.7 | P42: 11.29
A43: 17 | B43: Цена завода | C43: Кабель UTR 4-парн. Cat 5e экранированный 0-1711006-1 (Ц:32руб :1,18:4,42) | D43: м | E43: 305 | F43: 6.14 | K43: 1873
A44: Итого прямые затраты по смете в ценах 2001г. | K44: 367245 | L44: 951 | M44: 752 | N44: 109 | P44: 72.11
A45: Итого прямые затраты по смете с учетом коэффициентов к итогам | K45: 383261 | L45: 1339 | M45: 1020 | N45: 153 | P45: 97.34
A46: В том числе, справочно:
A47: Районный к-т 4,3% (Поз. 2, 6, 4, 7, 14-16, 9, 12) | K47: 45 | L47: 41 | M47: 5 | N47: 5
A48: Заготовительно-складские расходы на материалы - согласно п.4.64 из МДС 81-35.2004 МАТ=1,02 (Поз. 17) | K48: 37
A49: Транспортные расходы на оборудование - согласно п.4.60 из МДС 81-35.2004 ПЗ=1,03 (ОЗП=1,03; ЭМ=1,03; МАТ=1,03) (Поз. 1, 3, 5) | K49: 10852
A50: Заготовительно-складские расходы на оборудование - согласно п.4.64 из МДС 81-35.2004 ПЗ=1,012 (ОЗП=1,012; ЭМ=1,012; МАТ=1,012) (Поз. 1, 3, 5) | K50: 4471
A51: 2. Производство монтажных работ в существующих зданиях и сооружениях в стесненных условиях ОЗП=1,35; ЭМ=1,35; ЗПМ=1,35; ТЗ=1,35; ТЗМ=1,35 (Поз. 2, 6, 4, 7, 14-16, 9, 12) | K51: 611 | L51: 347 | M51: 265 | N51: 40 | P51: 25.2385
A52: Накладные расходы | K52: 1394
A53: В том числе, справочно:
A54: 80% ФОТ (от 27) (Поз. 9, 12) | K54: 22
A55: 92% ФОТ (от 789) (Поз. 2, 6) | K55: 726
A56: 95% ФОТ (от 602) (Поз. 7, 14-16) | K56: 572
A57: 100% ФОТ (от 74) (Поз. 4) | K57: 74
A58: Сметная прибыль | K58: 968
A59: В том числе, справочно:
A60: 60% ФОТ (от 27) (Поз. 9, 12) | K60: 16
A61: 65% ФОТ (от 1465) (Поз. 2, 6, 4, 7, 14-16) | K61: 952
A62: Итоги по смете:
A63: Итого Монтажные работы | K63: 8562 | P63: 97.34
A64: Итого Оборудование | K64: 377061
A65: Итого | K65: 385623 | P65: 97.34
A66: В том числе:
A67: Материалы | K67: 3841
A68: Машины и механизмы | K68: =1020-N45 -> 867
A69: ФОТ | K69: 1492
A70: Оборудование | K70: 377061
A71: Накладные расходы | K71: 1394
A72: Сметная прибыль | K72: 968
A73: ВСЕГО по смете | K73: =SUM(K67:K72) -> 385623 | P73: 97.34
B76: Составил ____________________ | I76: Проверил _____________

Sheet 24524
A1: СОГЛАСОВАНО: | E1: ФГУП "Комбинат "Электрохимприбор" | M1: УТВЕРЖДАЮ:
G2: (наименование стройки) | M2: Зам. генерального директора
M3: Е.В.Гордеев
A4: _________________ | M4: _________________
A5: " _____ " ________________ 2012 г. | M5: "______ " __________2012 г.
G6: ЛОКАЛЬНЫЙ СМЕТНЫЙ РАСЧЕТ № 24524
G7: (локальная смета)
C9: на | D9: устройство вентиляции. Оборудование рабочих мест в помещениях 116, 126.
G10: (наименование работ и затрат, наименование объекта)
D12: Основание: проект № 24350-12-ОВ Тема ПМ № 037-10/261 ДСП
D13: Сметная стоимость _______________________________________________________________________________________________ | J13: ___________________________113,596 | L13: тыс. руб.
D14: строительных работ _______________________________________________________________________________________________ | J14: _______________________________________________________________________________________________37,175 | L14: тыс. руб.
D15: монтажных работ _______________________________________________________________________________________________ | J15: _______________________________________________________________________________________________45,822 | L15: тыс. руб.
D16: оборудования _______________________________________________________________________________________________ | J16: _______________________________________________________________________________________________30,599 | L16: тыс. руб.
D17: Средства на оплату труда _______________________________________________________________________________________________ | J17: ___________________________3,593 | L17: тыс. руб.
D18: Сметная трудоемкость _______________________________________________________________________________________________ | J18: _______________________________________________________________________________________________278,33 | L18: чел.час
D19: Материалы ______________________________________ | K19: =K73/1000 -> 71.212 | L19: тыс.руб.
D20: Составлен(а) в базовых ценах 2001г. в редакции 2009г.
A22: № пп | B22: Обоснова-ние | C22: Наименование | D22: Ед. изм. | E22: Кол. | F22: Стоимость единицы, руб. | J22: Общая стоимость, руб. | O22: Т/з осн. раб.на ед. | P22: Т/з осн. раб. Всего | Q22: Общая масса обору-дования, т
F23: Всего | G23: В том числе | J23: Обору-дование | K23: Всего | L23: В том числе
G24: Осн.З/п | H24: Эк.Маш | I24: З/пМех | L24: Осн.З/п | M24: Эк.Маш | N24: З/пМех
A25: 1 | B25: 2 | C25: 3 | D25: 4 | E25: 5 | F25: 6 | G25: 7 | H25: 8 | I25: 9 | J25: 10 | K25: 11 | L25: 12 | M25: 13 | N25: 14 | O25: 15 | P25: 16 | Q25: 17
A26: Раздел 1. Разборка конструкций
A27: 1 | B27: ТЕРр65-30-4 | C27: Разборка воздуховодов из листовой стали толщиной до 0,9 мм диаметром/периметром до 660 мм /2070 мм | D27: 100 м2 | E27: 0.157 | F27: 326.88 | G27: 296.65 | H27: 30.23 | I27: 11.72 | K27: 51 | L27: 47 | M27: 4 | N27: 2 | O27: 24.7 | P27: 3.88
A28: 2 | B28: ТЕР20-02-003-11 | C28: Разборка решеток жалюзийных стальных щелевых регулирующих (Р), номер 200, размер 200х200 мм КОЭФ. К ПОЗИЦИИ: разборка ОЗП=0,4; ЭМ=0,4 к расх.; ЗПМ=0,4; МАТ=0 к расх.; ТЗ=0,4; ТЗМ=0,4 | D28: 1 решетка | E28: 2 | F28: 6.15 | G28: 5.41 | H28: 0.74 | K28: 12 | L28: 11 | M28: 1 | O28: 0.43 | P28: 0.86
A29: Раздел 2. Системы В 13*, В 14*.
A30: 3 | B30: ТЕР20-03-001-01 | C30: Установка вентиляторов радиальных массой до 0,05 т | D30: 1 вентилятор | E30: 2 | F30: 100.35 | G30: 78.55 | H30: 6.66 | I30: 0.18 | K30: 201 | L30: 157 | M30: 13 | O30: 6.54 | P30: 13.08
A31: 4 | B31: Цена постащика | C31: Вентилятор центробежный FUK-3000/SP (Ц:15815,25:4,42х1,02) | D31: шт. | E31: 2 | F31: 3649.67 | K31: 7299
A32: 5 | B32: Цена постащика | C32: Гибкая соединительная муфта SC-250 (Ц:2786,95:4,42х1,02) | D32: шт. | E32: 4 | F32: 643.14 | K32: 2573
A33: 6 | B33: ТЕР20-03-004-01 | C33: Установка подъёмно-поворотныго вытяжного устройства | D33: 1 агрегат | E33: 4 | F33: 188.18 | G33: 70.01 | H33: 21.99 | K33: 753 | L33: 280 | M33: 88 | O33: 6.03 | P33: 24.12
A34: 7 | B34: Цена постащика | C34: Консольное подъемно-поворотное устройство FM-200-2530/SP (Ц:37839,45:4,42х1,02) | D34: шт. | E34: 4 | F34: 8732.18 | K34: 34929
A35: 8 | B35: ТЕР20-05-001-02 | C35: Установка фильтров аэрозольных | D35: 1 м2 поверхности в свету | E35: 10.6 | F35: 378.69 | G35: 40.77 | H35: 18.66 | K35: 4014 | L35: 432 | M35: 198 | O35: 3.19 | P35: 33.81
A36: 9 | B36: Цена постащика | C36: Фильтр аэрозольный ФПП 15-3,0 (Ц:61500:4,19х1,03х1,012) | D36: шт. | E36: 2 | J36: 30599 | K36: 30599
A37: 10 | B37: ТЕР20-02-005-02 | C37: Установка заслонок воздушных и клапанов воздушных КВР с ручным приводом диаметром до 355 мм | D37: 1 шт. | E37: 4 | F37: 41.25 | G37: 17.18 | H37: 1.95 | K37: 165 | L37: 69 | M37: 8 | O37: 1.36 | P37: 5.44
A38: 11 | B38: ТСЦ-301-0272 | C38: Заслонки воздушные круглого сечения с ручным управлением диаметром 200 мм | D38: шт. | E38: 4 | F38: 443.41 | K38: 1774
A39: 12 | B39: ТЕР20-01-001-01 | C39: Прокладка воздуховодов из листовой, оцинкованной стали и алюминия класса Н (нормальные) толщиной 0,5 мм, диаметром до 200 мм | D39: 100 м2 поверхности воздуховодов | E39: 0.333 | F39: 2810.67 | G39: 2068.04 | H39: 170.31 | I39: 9.46 | K39: 936 | L39: 689 | M39: 57 | N39: 3 | O39: 167.86 | P39: 55.9
A40: 13 | B40: ТСЦ-301-1786 | C40: Воздуховоды из оцинкованной стали толщиной 0,5 мм, диаметром до 200 мм | D40: м2 | E40: 33.3 | F40: 347.48 | K40: 11571
A41: 14 | B41: ТЕР20-01-004-01 прим. | C41: Прокладка воздуховодов из оцинкованной стали толщиной 1,4 мм, диаметром 200 мм | D41: 100 м2 поверхности воздуховодов | E41: 0.006 | F41: 4607.64 | G41: 2367.87 | H41: 1618.87 | I41: 244.91 | K41: 28 | L41: 14 | M41: 10 | N41: 1 | O41: 187.48 | P41: 1.12
A42: 15 | B42: ТСЦ-301-1799 прим. | C42: Воздуховоды из оцинкованной стали толщиной 1,4 мм, диаметром 200 мм | D42: м2 | E42: 0.6 | F42: 272.33 | K42: 163
A43: 16 | B43: ТЕР20-01-001-04 | C43: Прокладка воздуховодов из листовой, оцинкованной стали и алюминия класса Н (нормальные) толщиной 0,6 мм, диаметром до 250 мм | D43: 100 м2 поверхности воздуховодов | E43: 0.204 | F43: 2812.85 | G43: 2068.04 | H43: 172.49 | I43: 9.46 | K43: 574 | L43: 422 | M43: 35 | N43: 2 | O43: 167.86 | P43: 34.24
A44: 17 | B44: ТСЦ-301-1789 | C44: Воздуховоды из оцинкованной стали толщиной 0,6 мм, диаметром до 250 мм | D44: м2 | E44: 20.4 | F44: 251.81 | K44: 5137
A45: 18 | B45: ТЕР20-01-001-07 | C45: Прокладка воздуховодов из листовой, оцинкованной стали и алюминия класса Н (нормальные) толщиной 0,7 мм, диаметром от 500 до 560 мм | D45: 100 м2 поверхности воздуховодов | E45: 0.047 | F45: 2280.79 | G45: 1638.31 | H45: 147.6 | I45: 4.91 | K45: 107 | L45: 77 | M45: 7 | O45: 132.98 | P45: 6.25
A46: 19 | B46: ТСЦ-301-1791 | C46: Воздуховоды из оцинкованной стали толщиной 0,7 мм, диаметром от 500 до 560 мм | D46: м2 | E46: 4.7 | F46: 227.17 | K46: 1068
A47: 20 | B47: ТЕР20-01-001-07 | C47: Прокладка перехода из оцинкованной стали толщиной 0,7 мм, 238х116 на диам. 250, L=300 мм | D47: 100 м2 поверхности воздуховодов | E47: 0.031 | F47: 2280.79 | G47: 1638.31 | H47: 147.6 | I47: 4.91 | K47: 71 | L47: 51 | M47: 5 | O47: 132.98 | P47: 4.12
A48: 21 | B48: ТСЦ-301-1791 | C48: Переход из оцинкованной стали толщиной 0,7 мм, 238х116 на диам. 250, L=300 мм | D48: м2 | E48: 3.1 | F48: 227.17 | K48: 704
A49: 22 | B49: ТСЦ-301-0475 | C49: Крепления для воздуховодов подвески СТД6208, СТД6209, СТД6210 | D49: т | E49: 0.022 | F49: 8739.36 | K49: 192
A50: 23 | B50: ТЕР20-02-019-01 | C50: Установка кронштейнов под вентиляционное оборудование | D50: 100 кг изделия | E50: 0.305 | F50: 1155.74 | G50: 77.9 | H50: 14.44 | K50: 353 | L50: 24 | M50: 4 | O50: 6.02 | P50: 1.84
A51: 24 | B51: ТЕР15-04-030-02 | C51: Масляная окраска металлических поверхностей количество окрасок 2 (фланцевые соединения) | D51: 100 м2 | E51: 0.1 | F51: 709.24 | G51: 152.38 | H51: 3.68 | I51: 0.16 | K51: 71 | L51: 15 | O51: 12.21 | P51: 1.22
A52: 25 | B52: ТСЦ-101-2137 | C52: Резина техническая листовая прессованная | D52: кг | E52: 0.25 | F52: 24.75 | K52: 6
A53: 26 | B53: ТЕРм11-02-001-01 | C53: Установка: дифманометр напорометр | D53: 1 шт. | E53: 2 | F53: 15.88 | G53: 14.39 | K53: 32 | L53: 29 | O53: 1.03 | P53: 2.06
A54: 27 | B54: П/л ЭКА | C54: Дифманометр напорометр ДНМП-100-М1 2,5 кПА(Ц:1950:4,42х1,02) | D54: шт. | E54: 2 | F54: 381.36 | K54: 763
A55: 28 | B55: ТСЦ-302-1244 | C55: Спецсоединения стальные, диаметром до 15 мм | D55: шт. | E55: 4 | F55: 16.83 | K55: 67
A56: 29 | B56: ТЕР16-05-001-01 | C56: Установка крана шарового на трубопроводах из стальных труб диаметром до 25 мм | D56: 1 шт. | E56: 4 | F56: 84.1 | G56: 18.79 | H56: 4.23 | K56: 336 | L56: 75 | M56: 17 | O56: 1.47 | P56: 5.88
A57: 30 | B57: ТСЦ-302-1831 | C57: Кран шаровой муфтовый 11Б27П1, диаметром 15 мм | D57: шт. | E57: 4 | F57: 25.14 | K57: 101
A58: Итого прямые затраты по смете в ценах 2001г. | K58: 104650 | L58: 2392 | M58: 447 | N58: 8 | P58: 193.82
A59: Итого прямые затраты по смете с учетом коэффициентов к итогам | K59: 106094 | L59: 3581 | M59: 702 | N59: 12 | P59: 278.33
A60: В том числе, справочно:
A61: Районный к-т 4,3% (Поз. 1, 3, 6, 8, 10, 12-23, 29, 24-26, 28, 30) | K61: 102 | L61: 102
A62: При ремонте и реконструкции зданий и сооружений работы, аналогичные технологическим процессам в новом строительстве ОЗП=1,15; ЭМ=1,25; ЗПМ=1,25; ТЗ=1,15; ТЗМ=1,25 (Поз. 3, 6, 8, 10, 12-23, 29, 24-25) | K62: 471 | L62: 361 | M62: 110 | N62: 2 | P62: 28.053
A63: На испытание систем вентиляции и кондиционирования воздуха 5% (тех.часть п.20.19 ОП) ОЗП=1,05; ЭМ=1,05; ЗПМ=1,05; ТЗ=1,05; ТЗМ=1,05 (Поз. 2-3, 6, 8, 10, 12-23, 29) | K63: 166 | L63: 138 | M63: 28 | P63: 10.7265
A64: Условия производства работ ОЗП=1,2; ЭМ=1,2; ЗПМ=1,2; ТЗ=1,2; ТЗМ=1,2 (Поз. 2-3, 6, 8, 10, 12-23, 29, 24-26, 28, 30) | K64: 705 | L64: 589 | M64: 116 | N64: 2 | P64: 45.742
A65: Накладные расходы | K65: 4550
A66: Сметная прибыль | K66: 2952
A67: Итоги по смете:
A68: Итого Строительные работы | K68: 37175 | P68: 275.86
A69: Итого Монтажные работы | K69: 45822 | P69: 2.47
A70: Итого Оборудование | K70: 30599
A71: Итого | K71: 113596 | P71: 278.33
A72: В том числе:
A73: Материалы | K73: 71212
A74: Машины и механизмы | K74: =702-N59 -> 690
A75: ФОТ | K75: 3593
A76: Оборудование | K76: 30599
A77: Накладные расходы | K77: 4550
A78: Сметная прибыль | K78: 2952
A79: ВСЕГО по смете | K79: =SUM(K73:K78) -> 113596 | P79: 278.33
B81: Составил ____________________ | I81: Проверил _____________

Sheet 24506
A1: СОГЛАСОВАНО: | E1: ФГУП "Комбинат "Электрохимприбор" | M1: УТВЕРЖДАЮ:
G2: (наименование стройки) | M2: Зам. генерального директора
A3: _____________________________ | M3: Е.В.Гордеев
A4: " _____ " ________________ 2012г. | G4: ЛОКАЛЬНЫЙ СМЕТНЫЙ РАСЧЕТ № 24506
G5: (локальная смета) | M5: "______ " __________2012 г.
C7: на | D7: Водоснабжение. Установка стволов-распылителей.
H8: (наименование работ и затрат, наименование объекта)
D10: Основание: № 24357-12-ВК
D11: Сметная стоимость строительных работ _______________________________________________________________________________________________ | J11: ___________________________15,182 | L11: тыс. руб.
D12: Средства на оплату труда _______________________________________________________________________________________________ | J12: ___________________________1,408 | L12: тыс. руб.
D13: Сметная трудоемкость _______________________________________________________________________________________________ | J13: _______________________________________________________________________________________________98,46 | L13: чел.час
D14: Материалы ___________________________________________________________ | J14: =J45/1000 -> 10.736 | L14: тыс.руб.
D15: Составлен(а) в базовых ценах 2001г. в редакции 2009г.
A17: № пп | B17: Обоснование | C17: Наименование | D17: Ед. изм. | E17: Кол. | F17: Стоимость единицы, руб. | J17: Общая стоимость, руб. | N17: Т/з осн. раб.на ед. | O17: Т/з осн. раб. Всего | P17: Т/з мех. на ед. | Q17: Т/з мех. Всего
F18: Всего | G18: В том числе | J18: Всего | K18: В том числе
G19: Осн.З/п | H19: Эк.Маш | I19: З/пМех | K19: Осн.З/п | L19: Эк.Маш | M19: З/пМех
A20: 1 | B20: 2 | C20: 3 | D20: 4 | E20: 5 | F20: 6 | G20: 7 | H20: 8 | I20: 9 | J20: 10 | K20: 11 | L20: 12 | M20: 13 | N20: 14 | O20: 15 | P20: 16 | Q20: 17
A21: Раздел 1. Разборка.
A22: 1 | B22: ТЕР16-02-005-04 | C22: Разборка трубопроводов отопления и водоснабжения из стальных электросварных труб диаметром 80 мм КОЭФ. К ПОЗИЦИИ: Разборка. ОЗП=0,4; МАТ=0 | D22: 100 м | E22: 0.04 | F22: 550.14 | G22: 438.94 | H22: 111.2 | I22: 2.69 | J22: 22 | K22: 18 | L22: 4 | N22: 31.9 | O22: 1.28 | P22: 0.15 | Q22: 0.01
A23: 2 | B23: ТЕР16-07-001-01 прим. | C23: Разборка ствола распылительного. КОЭФ. К ПОЗИЦИИ: Разборка ОЗП=0,4; МАТ=0 | D23: 1 кран | E23: 4 | F23: 7.6 | G23: 5.48 | H23: 2.12 | I23: 0.07 | J23: 30 | K23: 22 | L23: 8 | N23: 0.4 | O23: 1.6
A24: Раздел 2. Установка стволов-распылителей.
A25: 3 | B25: ТЕР16-02-005-04 | C25: Прокладка трубопроводов отопления и водоснабжения из стальных электросварных труб диаметром 80 мм | D25: 100 м | E25: 0.36 | F25: 10756.23 | G25: 1097.36 | H25: 278 | I25: 6.73 | J25: 3872 | K25: 395 | L25: 100 | M25: 2 | N25: 79.75 | O25: 28.71 | P25: 0.37 | Q25: 0.13
A26: 4 | B26: ТЕР16-07-001-01 прим. | C26: Установка ствола распылительного РС-А-70 | D26: 1 кран | E26: 4 | F26: 161.84 | G26: 13.69 | H26: 5.32 | I26: 0.18 | J26: 647 | K26: 55 | L26: 21 | M26: 1 | N26: 1.01 | O26: 4.04 | P26: 0.01 | Q26: 0.04
A27: Уд | B27: 1. 301-1226 | C27: Рукава пожарные льняные сухого прядения нормальные, диаметром 51 мм | D27: м | E27: 10 40 | F27: 48.19 | J27: 1927.6
A28: Уд | B28: 2. 302-1133 | C28: Вентили пожарные 50-10 для воды давлением 1 МПа (10 кгс/см2), диаметром 50 мм | D28: шт. | E28: 1 4 | F28: 245.14 | J28: 980.56
A29: 5 | B29: ТСЦ-302-1827 прим. | C29: Краны шаровые диаметром 65 мм | D29: шт. | E29: 4 | F29: 1080.92 | J29: 4324
A30: 6 | B30: ТСЦ-301-1224 | C30: Крепления для трубопроводов: кронштейны, планки, хомуты | D30: кг | E30: 7.2 | F30: 17.02 | J30: 123
A31: 7 | B31: ТЕР16-07-003-07 | C31: Врезка в действующие внутренние сети трубопроводов отопления и водоснабжения диаметром 80 мм | D31: 1 врезка | E31: 4 | F31: 680.07 | G31: 101.08 | H31: 14.56 | I31: 0.36 | J31: 2720 | K31: 404 | L31: 58 | M31: 1 | N31: 7.46 | O31: 29.84 | P31: 0.02 | Q31: 0.08
A32: 8 | B32: ТЕР16-07-005-01 | C32: Гидравлическое испытание трубопроводов систем отопления, водопровода и горячего водоснабжения диаметром до 50 мм | D32: 100 м | E32: 0.36 | F32: 104.4 | G32: 82.16 | H32: 15.29 | J32: 38 | K32: 30 | L32: 6 | N32: 5.01 | O32: 1.8
A33: 9 | B33: ТЕР15-04-030-03 | C33: Масляная окраска труб диаметром более 50 мм , количество окрасок 2 | D33: 100 м2 | E33: 0.1656 | F33: 1003.82 | G33: 506.56 | H33: 3.68 | I33: 0.16 | J33: 166 | K33: 84 | L33: 1 | N33: 40.59 | O33: 6.72 | P33: 0.01
A34: Итого прямые затраты по смете в ценах 2001г. | J34: 11942 | K34: 1008 | L34: 198 | M34: 4 | O34: 73.99 | Q34: 0.26
A35: Итого прямые затраты по смете с учетом коэффициентов к итогам | J35: 12428 | K35: 1402 | L35: 290 | M35: 6 | O35: 98.46 | Q35: 0.38
A36: В том числе, справочно:
A37: Районный к-т 4,3% (Поз. 1-9) | J37: 44 | K37: 43
A38: При ремонте и реконструкции зданий и сооружений работы, аналогичные технологическим процессам в новом строительстве ОЗП=1,15; ЭМ=1,25; ЗПМ=1,25; ТЗ=1,15; ТЗМ=1,25 (Поз. 3-8) | J38: 184 | K38: 138 | L38: 46 | M38: 1 | O38: 9.6585 | Q38: 0.0625
A39: Условия производства работ ОЗП=1,2; ЭМ=1,2; ЗПМ=1,2; ТЗ=1,2; ТЗМ=1,2 (Поз. 3-8) | J39: 258 | K39: 212 | L39: 46 | M39: 1 | O39: 14.81 | Q39: 0.062
A40: Накладные расходы | J40: 1782
A41: Сметная прибыль | J41: 972
A42: Итоги по смете:
A43: Итого | J43: 15182 | O43: 98.46 | Q43: 0.38
A44: В том числе:
A45: Материалы | J45: 10736
A46: Машины и механизмы | J46: =290-6 -> 284
A47: ФОТ | J47: 1408
A48: Накладные расходы | J48: 1782
A49: Сметная прибыль | J49: 972
A50: ВСЕГО по смете | J50: 15182 | O50: 98.46 | Q50: 0.38
B52: Примечание: материал от разборки, пригодный для дальнейшего использования, передается балансодержателю по акту.
B54: Составил ____________________ | I54: Проверил _____________

Sheet НМЦ
A1: г. Лесной ФГУП "Комбинат "Электрохимприбор"
A3: Расчет начальной (максимальной) цены
A5: Выполнение строительно-монтажных работ по реконструкции помещений 116, 126 здания 292А/3 на ФГУП "Комбинат "Электрохимприбор"
A7: Составлен в ценах по состоянию на 01.01.2000 г. с переводом в цены 2012г. | D7: руб.
A8: Наименование глав ССР, объектных сметных расчетов, локальных сметных расчетов, видов работ | B8: Сметная стоимость в базисных ценах на 01.01.2000 | C8: Текущая стоимость на момент определения начальной (максимальной) цены | D8: № обосновывающего расчета
A9: 1 | B9: 2 | C9: 3 | D9: 4
A10: Электроснабжение шкафов УДГБ | B10: ='24629-2'!K53 -> 5460 | C10: =ROUND('сводка 292А-3'!D11*5.56+'сводка 292А-3'!E11*5.56+'сводка 292А-3'!F11*4.19,0) -> 30358 | D10: 24629-2
A11: Электроснабжение. Оборудование рабочих мест разборки. | B11: ='24534-2'!K100 -> 283288 | C11: =ROUND('сводка 292А-3'!D12*5.56+'сводка 292А-3'!E12*5.56+'сводка 292А-3'!F12*4.19,0) -> 1514233 | D11: 24534-2
A12: Электроснабжение. Электрооборудование. | B12: ='24553-2'!K103 -> 146039 | C12: =ROUND('сводка 292А-3'!D13*5.56+'сводка 292А-3'!E13*5.56+'сводка 292А-3'!F13*4.19,0) -> 737638 | D12: 24553-2
A13: Система КРБ. | B13: ='24653'!K73 -> 385623 | C13: =ROUND('сводка 292А-3'!D14*5.56+'сводка 292А-3'!E14*5.56+'сводка 292А-3'!F14*4.19,0) -> 1627490 | D13: 24653
A14: Устройство вентиляции. Оборудование рабочих мест в помещениях 116, 126. | B14: ='24524'!K79 -> 113596 | C14: =ROUND('сводка 292А-3'!D15*5.56+'сводка 292А-3'!E15*5.56+'сводка 292А-3'!F15*4.19,0) -> 589673 | D14: 24524
A15: Водоснабжение. Установка стволов-распылителей. | B15: ='24506'!J50 -> 15182 | C15: =ROUND('сводка 292А-3'!D16*5.56+'сводка 292А-3'!E16*5.56+'сводка 292А-3'!F16*4.19,0) -> 84412 | D15: 24506
A16: Итого | B16: =SUM(B10:B15) -> 949188 | C16: =SUM(C10:C15) -> 4583804
A17: НДС 18% | C17: =ROUND(C16*18%,2) -> 825084.72
A18: Всего с НДС | C18: =SUM(C16:C17) -> 5408888.7
A22: Начальник отдела
A23: капитального строительства | C23: Л.В. Грибанова
A25: Инженер по проектно-сметной работе | C25: Т.Ш. Ковязина
A28: Согласовано | C28: отдел 028

Sheet сводка 292А-3
E1: к договору от "___"_____201_ №_________
A3: г. Лесной ФГУП "Комбинат "Электрохимприбор"
A4: СВОДКА ЗАТРАТ
A5: Выполнение строительно-монтажных работ по реконструкции помещений 116, 126 здания 292А/3
A6: на ФГУП "Комбинат "Электрохимприбор"
A7: Составлена в ценах по состоянию на 01.01.2000 г. с переводом в текущие
A8: № п/п | B8: Номера сметных расчетов и смет | C8: Наименование объектов, работ и затрат | D8: Сметная стоимость в руб. | H8: Общая сметная стоимость, руб.
D9: строительных работ | E9: монтажных работ | F9: оборудования, мебели и инвентаря | G9: прочих затрат
A10: 1 | B10: 2 | C10: 3 | D10: 4 | E10: 5 | F10: 6 | G10: 7 | H10: 8
A11: 1 | B11: 24629-2 | C11: Электроснабжение шкафов УДГБ | D11: 0 | E11: ='24629-2'!K53 -> 5460 | F11: 0 | G11: 0 | H11: =SUM(D11:G11) -> 5460
A12: 2 | B12: 24534-2 | C12: Электроснабжение. Оборудование рабочих мест разборки. | D12: 0 | E12: ='24534-2'!K90 -> 238873 | F12: ='24534-2'!K91 -> 44415 | G12: 0 | H12: =SUM(D12:G12) -> 283288
A13: 3 | B13: 24553-2 | C13: Электроснабжение. Электрооборудование. | D13: 0 | E13: ='24553-2'!K93 -> 91777 | F13: ='24553-2'!K94 -> 54262 | G13: 0 | H13: =SUM(D13:G13) -> 146039
A14: 4 | B14: 24653 | C14: Система КРБ. | D14: 0 | E14: ='24653'!K63 -> 8562 | F14: ='24653'!K64 -> 377061 | G14: 0 | H14: =SUM(D14:G14) -> 385623
A15: 5 | B15: 24524 | C15: Устройство вентиляции. Оборудование рабочих мест в помещениях 116, 126. | D15: ='24524'!K68 -> 37175 | E15: ='24524'!K69 -> 45822 | F15: ='24524'!K70 -> 30599 | G15: 0 | H15: =SUM(D15:G15) -> 113596
A16: 6 | B16: 24506 | C16: Водоснабжение. Установка стволов-распылителей. | D16: ='24506'!J50 -> 15182 | E16: 0 | F16: 0 | G16: 0 | H16: =SUM(D16:G16) -> 15182
C17: Итого в базисных ценах 2000г. | D17: =SUM(D11:D16) -> 52357 | E17: =SUM(E11:E16) -> 390494 | F17: =SUM(F11:F16) -> 506337 | G17: =SUM(G11:G16) -> 0 | H17: =SUM(D17:G17) -> 949188
C18: Всего в текущих ценах 2012г. (Ксмр=5,56; Коборуд=4,19) | D18: =ROUND(D17*5.56,0) -> 291105 | E18: =ROUND(E17*5.56,0) -> 2171147 | F18: =ROUND(F17*4.19,0) -> 2121552 | G18: 0 | H18: =SUM(D18:G18) -> 4583804
C19: НДС 18% | D19: =D18*18% -> 52398.9 | E19: =E18*18% -> 390806.46 | F19: =F18*18% -> 381879.36 | G19: =G18*18% -> 0 | H19: =ROUND(H18*18%,2) -> 825084.72
C20: Всего с НДС | D20: =D18+D19 -> 343503.9 | E20: =E18+E19 -> 2561953.5 | F20: =F18+F19 -> 2503431.4 | G20: =G18+G19 -> 0 | H20: =H18+H19 -> 5408888.7
C24: Заказчик: | F24: Подрядчик:
